 Dungeon Crawl Stone Soup version 0.32-a0-616-g9348d4545b (webtiles) character file.

Game seed: 1152463315602086980

396 dialectric the Changeling (level 6, -2/47 HPs)
             Began as a Coglin Shapeshifter on Mar 5, 2024.
             Slain by a kobold brigand
             ... wielding a +0 dagger
              (3 damage)
             ... in a sewer.
             The game lasted 00:04:49 (3066 turns).

dialectric the Changeling (Coglin Shapeshifter)     Turns: 3066, Time: 00:04:49

Health: -2/47      AC:  3    Str: 14    XL:     6   Next: 83%
Magic:  6/6        EV: 13    Int: 13    God:
Gold:   184        SH:  0    Dex: 16    Spells: 5/5 levels left

rFire   + . .        o - +1 spear "Cadon" {vamp, rPois rCorr Int+4}
rCold   . . .        g - +0 short sword {Yawen}
rNeg    . . .        h - +0 leather armour {rF+}
rPois   +            (helmet currently unavailable)
rElec   .            (cloak currently unavailable)
rCorr   +            (gloves currently unavailable)
SInv    .            (boots currently unavailable)
Will    .....        (amulet unavailable)
Stlth   +            (ring unavailable)
HPRegen 0.27/turn    (ring unavailable)
MPRegen 0.10/turn    (no gizmo)

%: no passive effects
@: beast-form, hasted and slowed, revving
A: beast (slay +2), off-hand wielding, slow wielding, warmup strikes, no
jewellery
a: Invent Gizmo, Begin Untransformation


You were in a sewer.
You were a hulking beast.
You visited 1 branch of the dungeon, and saw 4 of its levels.
You also visited: Sewer.

You collected 184 gold pieces.

Inventory:

Hand Weapons
 f - a +0 short sword {Jasleen}
 g - a +0 short sword (offhand) {Yawen}
 o - the +1 spear "Cadon" (weapon) {vamp, rPois rCorr Int+4}
   (You found it on level 3 of the Dungeon)

   Int+4:     It affects your intelligence (+4).
   rPois:     It protects you from poison.
   rCorr:     It protects you from acid and corrosion.
Missiles
 j - 13 poisoned darts
Armour
 h - a +0 leather armour of fire resistance (worn)
 m - a +0 helmet
 q - a +1 cloak of preservation
Talismans
 c - a beast talisman (active)
 d - a flux talisman
Scrolls
 a - a scroll of fear {unknown}
 b - a scroll of summoning {unknown}
 e - a scroll of fog
 i - a scroll of silence {unknown}
 k - a scroll of enchant weapon {unknown}
 n - 2 scrolls of revelation {unknown}
 p - a scroll of identify {unknown}
 r - a scroll of poison {unknown}
Potions
 t - a potion of haste


   Skills:
 + Level 3.6 Fighting
 * Level 2.2 Armour
 + Level 3.5 Dodging
 - Level 2.7 Unarmed Combat
 + Level 3.9 Shapeshifting


You had 5 spell levels left.
You didn't know any spells.
Your spell library was empty.

Dungeon Overview and Level Annotations

Branches:
Dungeon (4/15)              Sewer (1/1)
 Temple: D:4-7

Altars:
Kikubaaqudgha
Makhleb


Innate Abilities, Weirdness & Mutations

You are a hulking beast.
Your limbs bulge with bestial killing power. (Slay +2)
You can wield a second weapon in your off-hand.
It takes a long time for you to wield or remove held weapons.
Your first few attacks do less damage.
You cannot equip rings or amulets.


Message History

Press: ? - help, Q - select action, (/) - cycle Shift-Dir - straight line, f/p - kobold brigand
Aim: a kobold brigand, wielding a +0 short sword and quivering poisoned darts (grey smoke, lightly wounded, 53% to hit)
You throw a curare-tipped dart.
The curare-tipped dart barely misses the kobold brigand.
You feel sick.
The kobold brigand hits you with a +0 short sword.
* * * LOW HITPOINT WARNING * * *
Unknown command.
You enter the shallow water.
Moving in this stuff is going to be slow.
You feel sick. The kobold brigand closely misses you.
The kobold brigand barely misses you.
The kobold brigand completely misses you.
Unknown command.
Unknown command.
You feel sick.
You are no longer poisoned.
The kobold brigand closely misses you.
The kobold brigand hits you with a +0 club.
* * * LOW HITPOINT WARNING * * *
The kobold brigand hits you but does no damage.
Unknown command.
You barely miss the kobold brigand with the +1 spear "Cadon".
You hit the kobold brigand with your +0 short sword.
The kobold brigand barely misses you.
The kobold splashes around in the water.
The kobold brigand barely misses you. The kobold brigand closely misses you.
Unknown command.
Unknown command.
You hit the kobold brigand but do no damage.
The kobold brigand is lightly wounded.
You hit the kobold brigand with the +1 spear "Cadon".
You feel better.
The kobold brigand hits you with a +0 club.
* * * LOW HITPOINT WARNING * * *
The kobold barely misses you.
The kobold brigand hits you with a +0 short sword.
* * * LOW HITPOINT WARNING * * *
The kobold brigand hits you with a +0 dagger.
You die...

###### ###### #....#
#....# #..∩.# #.∩..#
#.!.(# ###....#
#§§[§#~≈~#....#
###K'##~~~##))##
#§hK§§~~≈~#~~..###
#§KK§P#~≈~#~~~...#
#§§§~~#~≈~#~P~P..##
#..§~P#~≈~#.......#
#.....#~≈~#P......#
#.....#~~~#~......#
##....#~≈~#P~~....#
##..~P#~≈~#~~~.....
###...~~#~≈~~~~~.....


You could see 3 kobold brigands and a kobold.

Vanquished Creatures
  2 kobold brigands (Sewer)
  An orc priest (D:3)
  Crazy Yiuf (D:3)
  A hound (D:4)
  4 gnolls
  2 adders
  A dart slug (D:1)
  3 ribbon worms
  4 orcs (D:3)
  9 ball pythons
  9 endoplasms
  8 giant cockroaches
  8 goblins
  4 hobgoblins
  2 jackals (D:2)
  4 quokkas
  11 bats
  4 frilled lizards
  13 kobolds
  10 rats
101 creatures vanquished.

Notes
Turn   | Place    | Note
-------+----------+-------------------------------------------
     0 | D:1      | dialectric the Coglin Shapeshifter began the quest for the
                  | Orb.
     0 | D:1      | Reached XP level 1. HP: 15/15 MP: 1/1
    83 | D:1      | Reached XP level 2. HP: 7/21 MP: 2/2
   466 | D:1      | Reached XP level 3. HP: 27/27 MP: 3/3
   489 | D:1      | Found a faded altar of an unknown god.
  1107 | D:1      | Reached XP level 4. HP: 16/34 MP: 4/4
  1751 | D:3      | Reached XP level 5. HP: 21/39 MP: 5/5
  1762 | D:3      | Identified the +1 spear "Cadon" {vamp, rPois rCorr Int+4}
  1834 | D:3      | HP: 2/40 [orc/+0 club (3)]
  2023 | D:3      | Found a runed translucent door.
  2024 | D:3      | Noticed Crazy Yiuf
  2154 | D:3      | Reached skill level 1 in Armour
  2503 | D:3      | Killed Crazy Yiuf
  2732 | D:4      | Found a burning altar of Makhleb.
  2732 | D:4      | Found an ancient bone altar of Kikubaaqudgha.
  2779 | D:4      | Reached XP level 6. HP: 20/47 MP: 6/6
  2798 | D:4      | Found a glowing drain.
  2825 | Sewer    | Entered a sewer
  3066 | Sewer    | HP: 1/47 [kobold brigand/+0 short sword (5)]
  3066 | Sewer    | Slain by a kobold brigand

Illustrated notes

Levels and vault maps discovered:
D:1:      amcnicky_arrival_blooded_trapdoor, layout_basic,
          basic_ecumenical_altar
D:2:      layout_basic
D:3:      layout_basic, uniq_crazy_yiuf_cottage
D:4:      wad_river_or_something, layout_loops_corners,
          nicolae_overflow_two_pavilions, minmay_temple_entry_ruins,
          portal_sewer_entry_a, serial_glass, glass_columns_c, glass_columns_a,
          serial_shops, nicolae_shop_gibbet_a_chance, minmay_misc_feat_alley
Sewer:    kennysheep_pipe_town

Skill      XL: |  1  2  3  4  5  6 |
---------------+-------------------+-----
Dodging        | 2 3 |  3.5
Shapeshifting  | 3 |  3.9
Fighting       | 2 3 |  3.6
Armour         | 1 2 |  2.2
Unarmed Combat | |  2.7

Action                     |  1- 3 |  4- 6 || total
---------------------------+-------+-------++-------
  Melee: Unarmed           |    49 |       ||    49
         Short sword       |    83 |   197 ||   280
         Spear             |       |    85 ||    85
  Throw: Dart              |       |     2 ||     2
    Use: Potion            |       |     6 ||     6
         Scroll            |       |     1 ||     1
   Stab: Sleeping          |     1 |       ||     1
 Armour: Animal skin       |    39 |       ||    39
         Leather armour    |    24 |   111 ||   135
         Skin              |       |    17 ||    17
  Dodge: Dodged            |    55 |   125 ||   180

Table legend: (Time is in decaauts)
 A = Elapsed time spent in this place.
 B = Non-inter-level travel time spent in this place.
 C = Inter-level travel time spent in this place.
 D = Time resting spent in this place.
 E = Time spent auto-exploring this place.
 F = Levels seen in this place.
 G = Mean time per level.
                   A        B        C        D        E       F      G
               +--------+--------+--------+--------+--------+-----+--------+
         Total |   3089 |   3013 |     76 |    334 |   1913 |   5 |  617.8 |
       Dungeon |   2830 |   2754 |     76 |    265 |   1802 |   4 |  707.5 |
         Sewer |    259 |    259 |      0 |     69 |    111 |   1 |  259.0 |
               +--------+--------+--------+--------+--------+-----+--------+

Top non-repeatable levels by time:
     D:1: 1071 daAuts
     D:3: 909 daAuts
     D:2: 664 daAuts
   Sewer: 259 daAuts
     D:4: 184 daAuts
